 Dungeon Crawl Stone Soup version 0.27.0-1-g7a089689b8 (webtiles) character file.

Game seed: 6884623445718161038

395 MirrMurr the Poker (level 6, -2/48 HPs)
             Began as a Demonspawn Berserker on Aug 1, 2021.
             Was a Believer of Trog.
             Slain by a hobgoblin (8 damage)
             ... on level 4 of the Dungeon.
             The game lasted 00:06:15 (5228 turns).

MirrMurr the Poker (Demonspawn Berserker)           Turns: 5228, Time: 00:06:16

Health: -2/48      AC:  2    Str: 20    XL:     6   Next: 52%
Magic:  6/6        EV: 17    Int:  8    God:    Trog [**....]
Gold:   199        SH:  0    Dex: 12    Spells: 5/5 levels left

rFire    . . .     SeeInvis .   a - +0 trident
rCold    . . .     Faith    .   (no shield)
rNeg     . . .     Spirit   .   b - +0 animal skin
rPois    .         Reflect  .   (helmet restricted)
rElec    .         Harm     .   (no cloak)
rCorr    .         Rampage  .   (no gloves)
Will     .....                  (no boots)
Stlth    +.........             (no amulet)
HPRegen  0.16/turn              (no ring)
MPRegen  0.10/turn              (no ring)

@: agile, on berserk cooldown, slowed, very slow
A: antennae 2, powered by pain 1
a: Renounce Religion, Berserk, Trog's Hand


You were on level 4 of the Dungeon.
You worshipped Trog.
Trog was pleased with you.
You visited 1 branch of the dungeon, and saw 4 of its levels.

You collected 199 gold pieces.

Inventory:

Hand Weapons
 a - a +0 trident (weapon)
 g - a +0 hunting sling
Missiles
 f - 66 stones (quivered)
Armour
 b - a +0 animal skin (worn)
Scrolls
 c - 4 scrolls of teleportation
 d - a scroll of identify {unknown}
 i - a scroll of immolation {unknown}
 j - a scroll of blinking {unknown}
 m - a scroll of enchant armour {unknown}
Potions
 e - a potion of magic {unknown}
 h - 2 potions of flight {unknown}
 k - a potion of mutation {unknown}
 l - a potion of ambrosia {unknown}


   Skills:
 + Level 4.2 Fighting
 * Level 4.7 Polearms
 + Level 3.2 Armour
 + Level 3.2 Dodging


You had 5 spell levels left.
You didn't know any spells.
Your spell library was empty.

Dungeon Overview and Level Annotations

Branches:
Dungeon (4/15)
 Temple: D:4-7

Altars:
Wu Jian

Portals:
Sewer: D:4

Annotations:
D:1 dig


Innate Abilities, Weirdness & Mutations

You have a pair of antennae on your head.
You sometimes gain a little power by taking damage.


Message History

A giant cockroach comes into view.
The giant cockroach splashes around in the water.
The giant cockroach bites you.
You hit the giant cockroach but do no damage.
The giant cockroach bites you but does no damage.
The giant cockroach splashes around in the water.
You puncture the giant cockroach!
You kill the giant cockroach!
Trog accepts your kill.
No target in view!
No target in view!
An ogre comes into view. It is wielding a +0 giant club.
The ogre shouts!
You hear a shout!
There is a glowing drain here.
You enter the shallow water.
Moving in this stuff is going to be slow.
A hobgoblin comes into view. It is wielding a +0 hand axe.
You reach to attack!
You barely miss the ogre.
A giant cockroach comes into view.
The ogre hits you with a +0 giant club!
You focus on the pain.
You feel agile all of a sudden.
You hit the ogre.
The ogre is lightly wounded.
The ogre hits you with a +0 giant club!
You are too injured to fight recklessly!
You are too injured to fight recklessly!
There is a glowing drain here.
You enter the shallow water.
Moving in this stuff is going to be slow.
The ogre barely misses you.
You see here a giant cockroach corpse.
The ogre closely misses you. The ogre completely misses you.
The giant cockroach barely misses you. The ogre hits you with a +0 giant club!
* * * LOW HITPOINT WARNING * * *
You focus on the pain.
You feel more agile all of a sudden. The giant cockroach closely misses you.
The hobgoblin hits you with a +0 hand axe!
You die...

...#.......##
..........># ......##..>#
..........## ....#....##
..........#
...#<.....########
..##.##..........##
###..##.....####@.####
#....#....###.OBg...##
.........†###..#...#..##
......##.......≈≈≈≈≈...#
.....###...†.#≈≈≈≈≈≈≈#.#
......#......≈≈≈≈†≈≈≈≈.##
..............≈≈≈∩≈≈≈...#
.....###......≈≈≈≈≈≈≈...#
. #......#≈≈≈≈≈≈≈#..#


You could see an ogre, a giant cockroach and a hobgoblin.

Vanquished Creatures
  The ghost of ShadowedStranger the Skirmisher, an amateur HOAK of Lugonu (D:3)
  A water moccasin skeleton (D:4)
  An iguana (D:4)
  Natasha (thrice) (D:3)
  A hound skeleton (D:2)
  3 adders
  5 gnolls
  2 worms
  11 endoplasms
  3 giant cockroaches
  3 goblins
  7 hobgoblins
  7 jackals
  7 kobolds
  2 quokkas
  3 ball pythons
  5 bats
  5 frilled lizards
  4 rats
74 creatures vanquished.

Notes
Turn   | Place    | Note
-------+----------+-------------------------------------------
     0 | D:1      | MirrMurr the Demonspawn Berserker began the quest for the
                  | Orb.
     0 | D:1      | Reached XP level 1. HP: 18/18 MP: 1/1
   454 | D:1      | Gained mutation: You have a pair of small antennae on your
                  | head. [demonic ancestry]
   454 | D:1      | Reached XP level 2. HP: 17/24 MP: 2/2
  1106 | D:1      | Gained mutation: You sometimes gain a little power by
                  | taking damage. [demonic ancestry]
  1106 | D:1      | Reached XP level 3. HP: 24/29 MP: 3/3
  2323 | D:2      | Reached XP level 4. HP: 34/35 MP: 4/4
  2505 | D:2      | Reached ** piety under Trog
  2820 | D:2      | Found an ornate altar of the Wu Jian Council.
  3553 | D:3      | Reached XP level 5. HP: 41/41 MP: 5/5
  3600 | D:3      | Noticed Natasha
  3609 | D:3      | Killed Natasha
  3925 | D:3      | Noticed Natasha
  3929 | D:3      | Killed Natasha
  4154 | D:3      | Found a runed translucent gate.
  4261 | D:3      | Noticed Natasha
  4270 | D:3      | Killed Natasha
  4386 | D:3      | Found a runed translucent gate.
  4387 | D:3      | Found a runed translucent gate.
  4389 | D:3      | Noticed ShadowedStranger's ghost (amateur HOAK)
  4804 | D:3      | Killed ShadowedStranger's ghost
  4805 | D:3      | Gained mutation: You have a pair of antennae on your head.
                  | [demonic ancestry]
  4805 | D:3      | Reached XP level 6. HP: 25/48 MP: 6/6
  5209 | D:4      | Found a glowing drain.
  5228 | D:4      | Slain by a hobgoblin

Illustrated notes

Levels and vault maps discovered:
D:1:      onia_arrival_mini_spirals, layout_loops_corners, serial_glass,
          glass_columns_a, glass_columns_b, minmay_strange_pillars,
          minmay_strange_pillars, due_unseen_surprise, corexii_corridor_pit
D:2:      layout_rooms, basic_altar, grunt_ministairs_7
D:3:      layout_basic, ebering_ghost_rock_garden, uniq_natasha
D:4:      cheibrodos_quashed, layout_cave_pools, nicolae_ossuary_entry_monument,
          cheibrodos_sewer_entry_drain

Skill      XL: |  1  2  3  4  5 |
---------------+----------------+-----
Polearms       | 3 4 |  4.7
Armour         | 2 3 |  3.2
Dodging        | 2 3 |  3.2
Fighting       | 4 |  4.2

Action                   |  1- 3 |  4- 6 || total
-------------------------+-------+-------++-------
Melee: Spear             |   111 |   148 ||   259
       Trident           |       |    18 ||    18
Invok: Berserk           |     2 |     4 ||     6
  Use: Scroll            |       |     5 ||     5
 Stab: Sleeping          |     2 |     2 ||     4
Armor: Animal skin       |    21 |    14 ||    35
Dodge: Dodged            |    48 |    64 ||   112
